3L
PANAMA CITY PIRANHAS @ OAKLAND OAKS
08/11/2019
 
TOP OF THE 1ST
Panama City Piranhas batting - Pitching for Oakland Oaks : RHP Jim Roberts
Pitching: RHP Jim Roberts
Batting: LHB Arturo Guzmán 0-0: Called Strike
0-1: Called Strike
0-2: Foul Ball, location: 2F
0-2: Ground out 6-3 (Groundball, 6M)
Batting: SHB Marc Talamante 0-0: Ball
1-0: Ball
2-0: Foul Ball, location: 2F
2-1: Fly out, F5 (Popup, 56)
Batting: RHB Jeff Bass 0-0: Ball
1-0: Ball
2-0: Swinging Strike
2-1: Swinging Strike
2-2: Ball
3-2: Strikes out swinging
Top of the 1st over - 0 run(s), 0 hit(s), 0 error(s), 0 left on base; Panama City 0 - Oakland 0
BOTTOM OF THE 1ST
Oakland Oaks batting - Pitching for Panama City Piranhas : RHP Gunner Hardy
Pitching: RHP Gunner Hardy
Batting: LHB Félix Pérez 0-0: Ball
1-0: SINGLE (Line Drive, 4D)
Batting: RHB Alden Wiley 0-0: Swinging Strike
0-1: SINGLE (Groundball, 6)
Félix Pérez to second
Batting: RHB Aurelio Vázquez 0-0: Ball
1-0: DOUBLE (Line Drive, 78D)
Félix Pérez scores
Alden Wiley to third
Runner from 3rd tries for Home, SAFE, no throw or cutoff
Batting: RHB Chandler Bailey 0-0: Ball
1-0: Swinging Strike
1-1: Ground out 4-3 (Groundball, 4)
Aurelio Vázquez to third
Batting: RHB Wilber Moon 0-0: Ball
1-0: Foul Ball, location: 2F
1-1: Foul Ball, location: 2F
1-2: Foul Ball, location: 2F
1-2: Strikes out looking
Batting: RHB Eric Murti 0-0: Foul Ball, location: 2F
0-1: Foul Ball, location: 2F
0-2: Strikes out swinging
Bottom of the 1st over - 2 run(s), 3 hit(s), 0 error(s), 1 left on base; Panama City 0 - Oakland 2
TOP OF THE 2ND
Panama City Piranhas batting - Pitching for Oakland Oaks : RHP Jim Roberts
Batting: LHB Melvin Castro 0-0: Foul Ball, location: 2F
0-1: Ground out U3 (Groundball, 3)
Batting: SHB Theodore Buck 0-0: Ball
1-0: Ball
2-0: Swinging Strike
2-1: Called Strike
2-2: Foul Ball, location: 2F
2-2: Foul Ball, location: 2F
2-2: Strikes out looking
Batting: LHB Miguel Martínez 0-0: Foul Ball, location: 2F
0-1: Ball
1-1: SOLO HOME RUN (Line Drive, 8RXD), Distance : 434 ft
Batting: RHB Hal Romaine 0-0: Ball
1-0: Ball
2-0: Foul Ball, location: 2F
2-1: Ball
3-1: Swinging Strike
3-2: Base on Balls
Batting: RHB Joel Lee 0-0: Ball
1-0: SINGLE (Groundball, 4M)
Hal Romaine to second
Runner from 2nd tries for 3rd, OUT!
Top of the 2nd over - 1 run(s), 2 hit(s), 0 error(s), 1 left on base; Panama City 1 - Oakland 2
BOTTOM OF THE 2ND
Oakland Oaks batting - Pitching for Panama City Piranhas : RHP Gunner Hardy
Batting: SHB Eugene Parrish 0-0: Ground out 4-3 (Groundball, 4M)
Batting: LHB Johnny Hernández 0-0: Called Strike
0-1: Foul Ball, location: 2F
0-2: Ball
1-2: Fly out, F9 (Flyball, 89M)
Batting: SHB Jim Roberts 0-0: Ball
1-0: Foul Ball, location: 2F
1-1: Ball
2-1: Called Strike
2-2: Foul Ball, location: 2F
2-2: Foul Ball, location: 2F
2-2: SINGLE (Line Drive, 4)
Batting: LHB Félix Pérez 0-0: Ball
1-0: Ball
2-0: Called Strike
2-1: Ball
3-1: Base on Balls
Jim Roberts to second
Batting: RHB Alden Wiley 0-0: Ground out 1-3 (Groundball, 13S)
Bottom of the 2nd over - 0 run(s), 1 hit(s), 0 error(s), 2 left on base; Panama City 1 - Oakland 2
TOP OF THE 3RD
Panama City Piranhas batting - Pitching for Oakland Oaks : RHP Jim Roberts
Batting: RHB Gunner Hardy 0-0: Ball
1-0: Ball
2-0: Ball
3-0: Base on Balls
Batting: LHB Arturo Guzmán 0-0: Called Strike
0-1: Swinging Strike
0-2: Strikes out swinging
Batting: SHB Marc Talamante 0-0: SINGLE (Groundball, 3S)
Gunner Hardy to second
Runner from 2nd tries for 3rd, SAFE, throw made to third
Batting: RHB Jeff Bass 0-0: Ball
1-0: DOUBLE (Line Drive, 7LM)
Gunner Hardy scores
Marc Talamante to third
Batting: LHB Melvin Castro 0-0: Ball
1-0: SINGLE (Groundball, 5D)
Marc Talamante scores
Jeff Bass to third
Runner from 3rd tries for Home, SAFE, throw made home
Melvin Castro to second
Batting: SHB Theodore Buck 0-0: Fly out, F7 (Flyball, 78M)
Batting: LHB Miguel Martínez 0-0: SINGLE (Flyball, 89S)
Melvin Castro to third
Runner from 3rd tries for Home, SAFE, no throw or cutoff
Pitching: RHP Paul O'Callahan
Batting: RHB Hal Romaine 0-0: Ball
1-0: Swinging Strike
1-1: Ball
2-1: Swinging Strike
2-2: Ball
3-2: Strikes out swinging
Top of the 3rd over - 4 run(s), 4 hit(s), 0 error(s), 1 left on base; Panama City 5 - Oakland 2
BOTTOM OF THE 3RD
Oakland Oaks batting - Pitching for Panama City Piranhas : RHP Gunner Hardy
Batting: RHB Aurelio Vázquez 0-0: Called Strike
0-1: Ball
1-1: Ball
2-1: Ball
3-1: SINGLE (Flyball, 89M)
Batting: RHB Chandler Bailey 0-0: Fly out, F4 (Line Drive, 4)
Batting: RHB Wilber Moon 0-0: Ball
1-0: Foul Ball, location: 2F
1-1: Ball
2-1: Called Strike
2-2: Strikes out looking
Batting: RHB Eric Murti 0-0: Fly out, F7 (Flyball, 7M)
Bottom of the 3rd over - 0 run(s), 1 hit(s), 0 error(s), 1 left on base; Panama City 5 - Oakland 2
TOP OF THE 4TH
Panama City Piranhas batting - Pitching for Oakland Oaks : RHP Paul O'Callahan
Batting: RHB Joel Lee 0-0: Ball
1-0: Called Strike
1-1: Ball
2-1: Fly out, F8 (Flyball, 8LM)
Batting: RHB Gunner Hardy 0-0: Foul Ball, location: 2F
0-1: Foul Ball, location: 2F
0-2: Ball
1-2: Ball
2-2: Strikes out swinging
Batting: LHB Arturo Guzmán 0-0: Called Strike
0-1: Ball
1-1: Foul Ball, location: 2F
1-2: Fly out, F7 (Flyball, 7S)
Top of the 4th over - 0 run(s), 0 hit(s), 0 error(s), 0 left on base; Panama City 5 - Oakland 2
BOTTOM OF THE 4TH
Oakland Oaks batting - Pitching for Panama City Piranhas : RHP Gunner Hardy
Batting: SHB Eugene Parrish 0-0: Ball
1-0: SINGLE (Groundball, 34D)
Batting: LHB Johnny Hernández 0-0: Foul Ball, location: 2F
0-1: Ball
Wild Pitch!
Eugene Parrish to second
1-1: SINGLE (Groundball, 25) (infield hit)
Eugene Parrish to third
Pinch Hitting: RHB Miguel Fernández 0-0: Ball
1-0: Ball
2-0: Called Strike
2-1: Ball
3-1: Ground out 4-3 (Groundball, 13)
Eugene Parrish scores
Johnny Hernández to second
Batting: LHB Félix Pérez 0-0: Ball
1-0: Called Strike
1-1: SINGLE (Line Drive, 4M)
Johnny Hernández to third
Runner from 3rd tries for Home, SAFE, no throw or cutoff
Batting: RHB Alden Wiley 0-0: Fly out, F8 (Flyball, 8LD)
Batting: RHB Aurelio Vázquez 0-0: Ball
1-0: Foul Ball, location: 2F
1-1: Called Strike
1-2: Ball
2-2: Foul Ball, location: 2F
2-2: Ball
3-2: Base on Balls
Félix Pérez to second
Batting: RHB Chandler Bailey 0-0: Ball
1-0: DOUBLE (Groundball, 5L)
Félix Pérez scores
Aurelio Vázquez to third
Pitching: RHP José Valenzuela
Batting: RHB Wilber Moon 0-0: Foul Ball, location: 2F
0-1: Ground out 5-3 (Groundball, 56)
Bottom of the 4th over - 3 run(s), 4 hit(s), 0 error(s), 2 left on base; Panama City 5 - Oakland 5
TOP OF THE 5TH
Panama City Piranhas batting - Pitching for Oakland Oaks : RHP Paul O'Callahan
Pitching: RHP Ken Simms
Batting: SHB Marc Talamante 0-0: Ball
1-0: Ball
2-0: Foul Ball, location: 2F
2-1: Swinging Strike
2-2: Ground out 6-3 (Groundball, 6M)
Batting: RHB Jeff Bass 0-0: Ball
1-0: Ball
2-0: Ball
3-0: Called Strike
3-1: Base on Balls
Batting: LHB Melvin Castro 0-0: Swinging Strike
0-1: Called Strike
0-2: Ball
1-2: Ball
2-2: Ball
3-2: Strikes out looking
Batting: SHB Theodore Buck 0-0: Called Strike
0-1: Called Strike
0-2: Ball
1-2: Strikes out swinging
Top of the 5th over - 0 run(s), 0 hit(s), 0 error(s), 1 left on base; Panama City 5 - Oakland 5
BOTTOM OF THE 5TH
Oakland Oaks batting - Pitching for Panama City Piranhas : RHP José Valenzuela
Batting: RHB Eric Murti 0-0: Ball
1-0: Swinging Strike
1-1: Ball
2-1: SINGLE (Groundball, 4MD)
Batting: SHB Eugene Parrish 0-0: Ball
1-0: Ball
2-0: Ball
3-0: Swinging Strike
3-1: Called Strike
3-2: Foul Ball, location: 2F
3-2: SINGLE (Flyball, 6MD)
Eric Murti to second
Batting: LHB Johnny Hernández 0-0: Ball
1-0: Called Strike
1-1: Fielders Choice at 2nd, 4-6 (Groundball, 4M)
Eric Murti to third
Pinch Hitting: RHB Dave Henderson 0-0: Ball
1-0: Fly out, F9 (Flyball, 9M)
Runner from 3rd tags up, SCORES, throw made
Batting: LHB Félix Pérez 0-0: Ball
1-0: Ball
2-0: Ball
3-0: Called Strike
3-1: Called Strike
3-2: SINGLE (Groundball, 34)
Johnny Hernández to second
Johnny Hernández to third
Batting: RHB Alden Wiley 0-0: Ball
1-0: Called Strike
1-1: Foul Ball, location: 2F
1-2: Strikes out swinging
Bottom of the 5th over - 1 run(s), 3 hit(s), 0 error(s), 2 left on base; Panama City 5 - Oakland 6
TOP OF THE 6TH
Panama City Piranhas batting - Pitching for Oakland Oaks : RHP Ken Simms
Pitching: LHP Jared Cox
Batting: LHB Miguel Martínez 0-0: Called Strike
0-1: Ball
1-1: DOUBLE (Flyball, 89D)
Pitching: RHP Alberto Medina
Batting: RHB Hal Romaine 0-0: Foul Ball, location: 2F
0-1: Ground out 4-3 (Groundball, 34)
Miguel Martínez to third
Batting: RHB Joel Lee 0-0: Swinging Strike
0-1: Swinging Strike
0-2: Foul Ball, location: 2F
0-2: Ball
1-2: Foul Ball, location: 2F
1-2: Ball
2-2: Foul Ball, location: 2F
2-2: Fly out, F9 (Flyball, 3DF)
Runner from 3rd tags up, SCORES, no throw
Pinch Hitting: LHB Francisco Sánchez 0-0: Ball
1-0: Ball
2-0: Foul Ball, location: 2F
2-1: Swinging Strike
2-2: Foul Ball, location: 2F
2-2: Ball
3-2: Fly out, F8 (Line Drive, 8LM)
Top of the 6th over - 1 run(s), 1 hit(s), 0 error(s), 0 left on base; Panama City 6 - Oakland 6
BOTTOM OF THE 6TH
Oakland Oaks batting - Pitching for Panama City Piranhas : RHP José Valenzuela
Pitching: RHP Lester Craft
Batting: RHB Aurelio Vázquez 0-0: Swinging Strike
0-1: Fly out, F8 (Flyball, 8LXD)
Batting: RHB Chandler Bailey 0-0: Ball
1-0: Swinging Strike
1-1: Foul Ball, location: 2F
1-2: SINGLE (Groundball, 4M)
Batting: RHB Wilber Moon 0-0: Called Strike
0-1: Foul Ball, location: 2F
0-2: Ball
1-2: Ball
2-2: Foul Ball, location: 2F
2-2: Ball
3-2: Foul Ball, location: 2F
3-2: Ground out 5-3 (Groundball, 5S)
Chandler Bailey to second
Batting: RHB Eric Murti 0-0: Called Strike
0-1: Ball
1-1: Ball
2-1: Fly out, F6 (Line Drive, 6M)
Bottom of the 6th over - 0 run(s), 1 hit(s), 0 error(s), 1 left on base; Panama City 6 - Oakland 6
TOP OF THE 7TH
Panama City Piranhas batting - Pitching for Oakland Oaks : RHP Alberto Medina
Batting: LHB Arturo Guzmán 0-0: Ball
1-0: Foul Ball, location: 2F
1-1: Called Strike
1-2: SINGLE (Line Drive, 89M)
Batting: SHB Marc Talamante 0-0: Ball
1-0: Ball
2-0: Ball
3-0: Base on Balls
Arturo Guzmán to second
Pinch Hitting: RHB Pete Knight 0-0: Fly out, F7 (Flyball, 7S)
Batting: LHB Melvin Castro 0-0: Foul Ball, location: 2F
0-1: Ball
1-1: Called Strike
1-2: Foul Ball, location: 2F
1-2: Foul Ball, location: 2F
1-2: DOUBLE (Groundball, 3L)
Arturo Guzmán scores
Marc Talamante to third
Runner from 3rd tries for Home, throw and OUT!
Pinch Hitting: RHB William Hull 0-0: Called Strike
0-1: Ball
1-1: Foul Ball, location: 2F
1-2: Ball
Wild Pitch!
Melvin Castro to third
2-2: Ground out 1-3 (Groundball, 15)
Top of the 7th over - 1 run(s), 2 hit(s), 0 error(s), 1 left on base; Panama City 7 - Oakland 6
BOTTOM OF THE 7TH
Oakland Oaks batting - Pitching for Panama City Piranhas : RHP Lester Craft
Now at 3B: William Hull
Now in LF: Harvey Porter
Batting: SHB Eugene Parrish 0-0: Ball
1-0: Foul Ball, location: 2F
1-1: Ball
2-1: Ball
3-1: Swinging Strike
3-2: Strikes out swinging
Batting: LHB Johnny Hernández 0-0: Fly out, F8 (Flyball, 8LS)
Pinch Hitting: RHB Chae-hyeong Kim 0-0: Ball
1-0: Ball
2-0: Foul Ball, location: 2F
2-1: Swinging Strike
2-2: Ground out 5-3 (Groundball, 5)
Bottom of the 7th over - 0 run(s), 0 hit(s), 0 error(s), 0 left on base; Panama City 7 - Oakland 6
TOP OF THE 8TH
Panama City Piranhas batting - Pitching for Oakland Oaks : RHP Alberto Medina
Pitching: RHP Curt Timperley
Batting: LHB Miguel Martínez 0-0: Ball
1-0: Ground out 4-3 (Groundball, 4)
Batting: RHB Hal Romaine 0-0: Foul Ball, location: 2F
0-1: Swinging Strike
0-2: Ground out 4-3 (Groundball, 4)
Batting: RHB Joel Lee 0-0: Swinging Strike
0-1: Ground out 6-3 (Groundball, 6)
Top of the 8th over - 0 run(s), 0 hit(s), 0 error(s), 0 left on base; Panama City 7 - Oakland 6
BOTTOM OF THE 8TH
Oakland Oaks batting - Pitching for Panama City Piranhas : RHP Lester Craft
Pitching: RHP Rubén Ramírez
Now at 1B: Bellchyor Lebrim
Batting: LHB Félix Pérez 0-0: Ball
1-0: Ground out 4-3 (Groundball, 4)
Pitching: RHP Juan Pérez
Batting: RHB Alden Wiley 0-0: Foul Ball, location: 2F
0-1: Swinging Strike
0-2: Strikes out swinging
Batting: RHB Aurelio Vázquez 0-0: Swinging Strike
0-1: Called Strike
0-2: Strikes out looking
Bottom of the 8th over - 0 run(s), 0 hit(s), 0 error(s), 0 left on base; Panama City 7 - Oakland 6
TOP OF THE 9TH
Panama City Piranhas batting - Pitching for Oakland Oaks : RHP Curt Timperley
Batting: LHB Bellchyor Lebrim 0-0: Called Strike
0-1: SINGLE (Groundball, 56D)
Batting: LHB Arturo Guzmán 0-0: Ball
1-0: Called Strike
1-1: SINGLE (Line Drive, 34D)
Bellchyor Lebrim to second
Runner from 2nd tries for 3rd, SAFE, no throw or cutoff
Batting: SHB Marc Talamante 0-0: Ball
1-0: Ball
2-0: SINGLE (Line Drive, 6MD)
Bellchyor Lebrim scores
Arturo Guzmán to second
Batting: RHB Harvey Porter 0-0: Ball
Passed Ball!
Arturo Guzmán to third
Marc Talamante to second
1-0: Ground out 5-3 (Groundball, 6)
Batting: LHB Melvin Castro 0-0: Intentional Walk
Batting: RHB William Hull 0-0: Ball
1-0: Called Strike
1-1: Called Strike
1-2: Ball
2-2: Strikes out swinging
Pinch Hitting: RHB Vern Ewing 0-0: Ball
1-0: Ground out 4-3 (Groundball, 4)
Top of the 9th over - 1 run(s), 3 hit(s), 0 error(s), 3 left on base; Panama City 8 - Oakland 6
BOTTOM OF THE 9TH
Oakland Oaks batting - Pitching for Panama City Piranhas : RHP Juan Pérez
Pitching: RHP Jessie Holley
Batting: RHB Chandler Bailey 0-0: Ball
1-0: Ball
2-0: SINGLE (Groundball, 34D)
Batting: RHB Wilber Moon 0-0: Called Strike
0-1: Called Strike
0-2: Ball
1-2: Foul Ball, location: 2F
1-2: SINGLE (Flyball, 8LS)
Chandler Bailey to second
Batting: RHB Eric Murti 0-0: Fielders Choice at 2nd, 6-4 (Groundball, 6M)
Chandler Bailey to third
Batting: SHB Eugene Parrish 0-0: Called Strike
0-1: Ball
Wild Pitch!
Chandler Bailey scores
Eric Murti to second
1-1: Ground out 3-1 (Groundball, 34S)
Eric Murti to third
Batting: LHB Johnny Hernández 0-0: Called Strike
0-1: Ground out 4-3 (Groundball, 4)
Bottom of the 9th over - 1 run(s), 2 hit(s), 0 error(s), 1 left on base; Panama City 8 - Oakland 7
This league is powered by Out of the Park Baseball, the baseball management simulation game for PC, Mac and Linux
Saturday, July 25th, 2015 - OOTP Baseball 15.6 Build 34